 Dungeon Crawl Stone Soup version 0.18-a0-1060-g4fac74f (webtiles) character file.

280 M4edhros the Sneak (level 6, -4/38 HPs)
             Began as an Octopode Artificer on Jan 12, 2016.
             Killed by divine providence
             ... invoked by an orc priest
              (11 damage)
             ... on level 5 of the Dungeon.
             The game lasted 00:04:59 (2643 turns).

M4edhros the Sneak (Octopode Artificer)             Turns: 2643, Time: 00:05:00

Health: -4/38      AC:  1    Str: 11    XL:     6   Next: 27%
Magic:  9/9        EV: 13    Int: 16    God:
Gold:   157        SH:  0    Dex: 12    Spells: 0 memorised, 5 levels left

rFire  . . .     SeeInvis .     n - +0 rapier
rCold  . . .     Gourm    .     (no shield)
rNeg   . . .     Faith    .     (helmet restricted)
rPois  .         Spirit   .     (no amulet)
rElec  .         Dismiss  .     (no ring)
rCorr  .         Reflect  .     (no ring)
SustAt .         Harm     .     (no ring)
MR     .....                    (no ring)
Stlth  ++++......               (no ring)
                                (no ring)
                                (no ring)
                                (no ring)

@: not resistant to hostile enchantments, stealthy
A: almost no armour, amphibious, 8 rings, constrict 8, camouflage 1, gelatinous
body 1
a: no special abilities


You were on level 5 of the Dungeon.
You were not hungry.

You visited 1 branch of the dungeon, and saw 6 of its levels.

You collected 157 gold pieces.

Inventory:

Hand Weapons
 a - a +0 short sword
 n - a +0 rapier (weapon)
 w - a +1 long sword of holy wrath
Missiles
 k - 17 sling bullets
 o - 44 stones (quivered)
Jewellery
 e - an uncursed ring of protection from fire {unknown}
Wands
 b - a wand of flame (10/48)
 c - a wand of enslavement (6/24)
 d - a wand of random effects (9/48)
 v - a wand of confusion (31/48)
Scrolls
 h - 4 scrolls of identify {unknown}
 i - 3 scrolls of teleportation {unknown}
 p - a scroll of remove curse {unknown}
 q - a scroll of fog {unknown}
 r - a scroll of noise {unknown}
 s - a scroll of immolation {unknown}
Potions
 g - a potion of might
 t - a potion of magic {unknown}
Comestibles
 f - 2 bread rations
 l - a fruit
 u - a meat ration


   Skills:
 - Level 1.0 Fighting
 - Level 1.0 Short Blades
 * Level 4.2 Dodging
 * Level 5.3 Stealth
 + Level 4.6 Evocations


You had 5 spell levels left.
You didn't know any spells.

Dungeon Overview and Level Annotations

Branches:
Dungeon (6/15)
 Temple: D:4-7

Altars:
Dithmenos
Makhleb


Innate Abilities, Weirdness & Mutations

You cannot wear most types of armour.
You are amphibious.
You can wear up to eight rings at the same time.
You can use your tentacles to constrict eight enemies at once.
Your skin changes colour to match your surroundings (Stealth).
Your rubbery body absorbs attacks (AC +1).


Message History

Evoke which item? (* to show all) (? for menu, Esc to quit)
Zapping:
c - a wand of enslavement (8/24)
Press: ? - help, Shift-Dir - straight line, f - orc priest
Aim: an orc priest, wielding a hand axe and wearing a leather armour (chance to defeat MR: 55%)
The orc priest resists with significant effort.
This wand has 7 charges left.
The orc throws a tomahawk.
The tomahawk hits you. The orc hits you with a dagger.
The orc priest miscasts a cantrip.
Evoke which item? (* to show all) (? for menu, Esc to quit)
Zapping:
c - a wand of enslavement (7/24)
Press: ? - help, Shift-Dir - straight line, f - orc priest
Aim: an orc priest, wielding a hand axe and wearing a leather armour (chance to defeat MR: 55%)
The orc priest resists with significant effort.
This wand has 6 charges left.
The orc throws a tomahawk.
The tomahawk misses you. The orc misses you.
The orc priest hits you with a hand axe!
* * * LOW HITPOINT WARNING * * *
The orc priest invokes the aid of Beogh against you.
Something smites you!
You die...

#..#
#...##[#
##>.#
#.####.###
##...# #..
#....(.
#..### ##
#......
#...#
#......
#...##
#......
##...#
#......
#...#
#......
#(@o##
#......
##.o.###
#......
#.....###
#.#####
##......##
#.#
###.....#
#.#
###o..###.#
##...##.#
#...##.#
#...##.#


You could see an orc priest and 2 orcs.

Vanquished Creatures
  A hound (D:5)
  3 iguanas
  2 worker ants (D:4)
  2 adders
  A worm (D:5)
  A giant gecko (D:4)
  2 ball pythons (D:4)
  3 bats (D:1)
  3 giant cockroaches
  5 goblins (D:1)
  2 hobgoblins
  6 jackals
  3 giant newts (D:1)
  4 kobolds (D:1)
  8 rats
46 creatures vanquished.

Vanquished Creatures (collateral kills)
  An orc (D:6)
  A bat (D:2)
2 creatures vanquished.

Vanquished Creatures (others)
  A hungry ghost (D:6)
  A worker ant (D:5)
2 creatures vanquished.

Grand Total: 50 creatures vanquished

Notes
Turn   | Place    | Note
--------------------------------------------------------------
     0 | D:1      | M4edhros the Octopode Artificer began the quest for the Orb.
     0 | D:1      | Reached XP level 1. HP: 13/13 MP: 3/3
   245 | D:1      | Reached XP level 2. HP: 15/18 MP: 4/4
   712 | D:1      | Reached XP level 3. HP: 19/23 MP: 5/5
  1390 | D:3      | Reached skill level 4 in Evocations
  1504 | D:4      | Reached XP level 4. HP: 10/28 MP: 7/7
  1741 | D:4      | Reached XP level 5. HP: 29/33 MP: 8/8
  1890 | D:5      | Entered Level 5 of the Dungeon
  1890 | D:5      | Noticed a centaur
  1899 | D:5      | Noticed a hungry ghost
  1924 | D:4      | Found a burning altar of Makhleb.
  1924 | D:4      | Found a shadowy altar of Dithmenos.
  2234 | D:6      | Killed an iguana
  2234 | D:6      | Reached skill level 5 in Stealth
  2250 | D:5      | Reached XP level 6. HP: 38/38 MP: 9/9
  2410 | D:5      | HP: 1/38 [centaur/arrow of flame (3)]
  2643 | D:5      | Killed from afar by an orc priest

Vault maps used:
D:1:      dpeg_arrival_brainrot
D:2:      kennysheep_okawaru_gauntlet
D:3:      lemuel_coloured_pillars_altar, first_bread, minmay_strange_pillars,
          kennysheep_generic_room_12
D:4:      nicolae_overflow_hidden_temple, minmay_temple_entry_statues_pillars,
          minmay_goblin_kobold_house, uniq_blork_the_orc
D:5:      serial_shops, shop, shop, nicolae_shop_window_shopping, shop,
          serial_curves, eino_curves_04, eino_curves_03, eino_curves_02,
          eino_curves_02

Action                   |  1- 3 |  4- 6 || total
-------------------------+-------+-------++-------
Melee: Short sword       |    67 |     3 ||    70
       Rapier            |       |    33 ||    33
Evoke: Wand              |     5 |    15 ||    20
  Use: Potion            |       |     3 ||     3
 Stab: Sleeping          |     6 |     4 ||    10
       Distracted        |     1 |       ||     1
  Eat: Royal jelly       |       |     1 ||     1
       Chunk             |       |     4 ||     4
